 Dungeon Crawl Stone Soup version 0.27-a0-676-gc1da3516c2 (webtiles) character file.

Game seed: 17984558652551094907

123 Dreamer the Shield-Bearer (level 5, -3/42 HPs)
             Began as a Formicid Fighter on Mar 18, 2021.
             Was an Initiate of Cheibriados.
             Slain by a gnoll
             ... wielding a +0 spear
              (5 damage)
             ... on level 3 of the Dungeon.
             The game lasted 00:06:47 (2277 turns).

Dreamer the Shield-Bearer (Formicid Fighter)        Turns: 2277, Time: 00:06:47

Health: -3/42      AC: 10    Str: 23    XL:     5   Next: 28%
Magic:  5/5        EV:  6    Int:  8    God:    Cheibriados [......]
Gold:   126        SH: 10    Dex: 11    Spells: 4/4 levels left

rFire    . . .     SeeInvis +   a - +0 flail
rCold    . . .     Faith    .   c - +0 kite shield
rNeg     . . .     Spirit   .   n - +0 chain mail
rPois    .         Reflect  .   (helmet unavailable)
rElec    .         Harm     .   (no cloak)
rCorr    .         Rampage  .   f - +0 pair of gloves
Will     .....                  (no boots)
Stlth    ..........             (no amulet)
HPRegen  0.14/turn              (no ring)
MPRegen  0.09/turn              (no ring)

@: very slow
A: permanent stasis, dig shafts and tunnels, antennae 3, four strong arms
a: Dig, Shaft Self, Renounce Religion, Bend Time


You were on level 3 of the Dungeon.
You worshipped Cheibriados.
Cheibriados was noncommittal.
You visited 1 branch of the dungeon, and saw 3 of its levels.

You collected 126 gold pieces.

Inventory:

Hand Weapons
 a - a +0 flail (weapon)
 g - a +1 vorpal long sword
Armour
 c - a +0 kite shield (worn)
 f - a +0 pair of gloves (worn)
 n - a +0 chain mail (worn)
Magical Staves
 h - a staff of conjuration
Scrolls
 e - a scroll of random uselessness {unknown}
 i - a scroll of amnesia {unknown}
 k - 3 scrolls of silence {unknown}
 o - a scroll of teleportation {unknown}
 p - 2 scrolls of fog {unknown}
 q - 3 scrolls of identify {unknown}
Potions
 b - a potion of heal wounds {unknown}
 d - a potion of might
 j - a potion of invisibility {unknown}
 l - a potion of curing {unknown}
 m - a potion of magic {unknown}


   Skills:
 + Level 3.9 Fighting
 + Level 2.8 Maces & Flails
 + Level 4.0 Armour
 + Level 0.2 Dodging
 + Level 1.1 Stealth
 + Level 4.9 Shields


You had 4 spell levels left.
You didn't know any spells.
Your spell library was empty.

Dungeon Overview and Level Annotations

Branches:
Dungeon (3/15)

Altars:
Cheibriados
Sif Muna

Annotations:
D:3 3 runed translucent doors, exclusion: 3 doors, karf's ghost, novice DEAE


Innate Abilities, Weirdness & Mutations

You cannot be hasted, slowed, berserked, paralysed or teleported.
You can dig through walls and to a lower floor.
You have a pair of large antennae on your head. (SInv)
Your four strong arms can wield two-handed weapons with a shield.


Message History

There is an open door here.
You barely miss the adder. You block the adder's attack.
You thump the adder!
You kill the adder!
Cheibriados appreciates the change of pace.
Found an escape hatch in the ceiling.
q - 3 scrolls labelled SINU LOCUUSCH You sense a monster nearby.
You sense a monster nearby. 3 gnolls come into view.
The gnoll shouts! x3
You hit the gnoll.
The gnoll is moderately wounded.
The gnoll hits you with a +0 whip. You block the gnoll's attack.
You hit the gnoll.
The gnoll is severely wounded.
The gnoll hits you from afar with a +0 spear.
The gnoll hits you with a +0 whip.
You barely miss the gnoll.
The gnoll is severely wounded.
The gnoll hits you from afar with a +0 spear.
The gnoll hits you with a +0 whip. You block the gnoll's attack.
You closely miss the gnoll.
The gnoll is severely wounded.
You block the gnoll's attack.
The gnoll hits you from afar with a +0 spear!
The gnoll hits you with a +0 whip.
You closely miss the gnoll.
The gnoll is severely wounded.
The gnoll hits you from afar with a +0 spear.
* * * LOW HITPOINT WARNING * * *
The gnoll barely misses you.
The gnoll hits you from afar with a +0 spear.
* * * LOW HITPOINT WARNING * * *
The gnoll hits you with a +0 whip!
* * * LOW HITPOINT WARNING * * *
A gnoll comes into view. It is wielding a +0 flail.
The gnoll shouts!
The gnoll hits you from afar with a +0 spear.
You die...

g# .# g# .# { .#
########## .#
##........##########.#
#......##.@.gggg.....#
#......###############
#......# #......#
#......# #......#
#......# #......#
##.#####


You could see 4 gnolls.

Vanquished Creatures
  6 adders
  A white imp (D:2)
  4 worms (D:2)
  2 leopard geckos
  A giant cockroach (D:2)
  5 goblins
  7 hobgoblins
  4 jackals (D:2)
  2 quokkas (D:2)
  2 ball pythons (D:1)
  2 bats (D:1)
  4 frilled lizards
  3 kobolds
  8 rats
51 creatures vanquished.

Notes
Turn   | Place    | Note
-------+----------+-------------------------------------------
     0 | D:1      | Dreamer the Formicid Fighter began the quest for the Orb.
     0 | D:1      | Reached XP level 1. HP: 18/18 MP: 1/1
   164 | D:1      | Reached XP level 2. HP: 24/24 MP: 2/2
   527 | D:1      | Reached XP level 3. HP: 29/29 MP: 3/3
  1142 | D:2      | Reached XP level 4. HP: 28/37 MP: 4/4
  1237 | D:2      | Reached skill level 1 in Stealth
  1623 | D:2      | Reached XP level 5. HP: 27/42 MP: 5/5
  1973 | D:2      | Found a snail-covered altar of Cheibriados.
  1973 | D:2      | Found a shimmering blue altar of Sif Muna.
  1977 | D:2      | Became a worshipper of Cheibriados the Contemplative
  2069 | D:3      | Identified the +6 short sword "Utteudoi" {chaos, rPois rF-
                  | rC+ Str+3}
  2069 | D:3      | Noticed a kobold brigand
  2070 | D:3      | Found a runed translucent gate.
  2070 | D:3      | Found a runed translucent gate.
  2070 | D:3      | Noticed karf's ghost (novice DEAE)
  2072 | D:3      | Found a runed translucent gate.
  2270 | D:3      | HP: 1/42 [gnoll/+0 whip (7)]
  2277 | D:3      | Slain by a gnoll

Illustrated notes

Levels and vault maps discovered:
D:1:      saegor_arrival_simple_c, layout_basic
D:2:      layout_loops_ring, gammafunk_temple_overflow_wave, minmay_pentomino_w4
D:3:      layout_basic, lemuel_doored_altar, gammafunk_ghost_nasty_kobolds,
          chequers_serial_rivers_micro_e

Skill      XL: |  1  2  3  4 |
---------------+-------------+-----
Shields        | 4 |  4.9
Stealth        | 1 |  1.1
Armour         | 4 |  4.0
Fighting       | |  3.9
Maces & Flails | |  2.8
Dodging        | |  0.2

Action                   |  1- 3 |  4- 6 || total
-------------------------+-------+-------++-------
Melee: Flail             |   105 |    81 ||   186
Armor: Scale mail        |    33 |    19 ||    52
       Chain mail        |       |    18 ||    18
Dodge: Dodged            |    25 |    24 ||    49
Block: Kite shield       |    53 |    36 ||    89

Table legend: (Time is in decaauts)
 A = Elapsed time spent in this place.
 B = Non-inter-level travel time spent in this place.
 C = Inter-level travel time spent in this place.
 D = Time resting spent in this place.
 E = Time spent auto-exploring this place.
 F = Levels seen in this place.
 G = Mean time per level.
                   A        B        C        D        E       F      G
               +--------+--------+--------+--------+--------+-----+--------+
         Total |   2433 |   2373 |     60 |    601 |   1244 |   3 |  811.0 |
       Dungeon |   2433 |   2373 |     60 |    601 |   1244 |   3 |  811.0 |
               +--------+--------+--------+--------+--------+-----+--------+

Top non-repeatable levels by time:
     D:2: 1514 daAuts
     D:1: 644 daAuts
     D:3: 275 daAuts
